 Dungeon Crawl Stone Soup version 0.31-a0-963-ga325b2283a (webtiles) character file.

Game seed: 4054294042859689104

53 Bnni the Chopper (level 3, 0/51 HPs)
             Began as a Hill Orc Monk on Oct 24, 2023.
             Succumbed to an adder's poison
             ... on level 2 of the Dungeon.
             The game lasted 00:00:57 (940 turns).

Bnni the Chopper (Hill Orc Monk)                     Turns: 940, Time: 00:00:58

Health: 0/51       AC:  4    Str: 15    XL:     3   Next: 89%
Magic:  3/3        EV: 12    Int: 10    God:
Gold:   14         SH:  0    Dex: 13    Spells: 2/2 levels left

rFire   . . .        a - +0 hand axe
rCold   . . .        d - orb {light}
rNeg    . . .        m - +0 leather armour
rPois   .            (no helmet)
rElec   .            l - +0 cloak
rCorr   .            (no gloves)
SInv    .            (no boots)
Will    .....        (no amulet) Stlth
                     (no ring)
HPRegen 0.28/turn    (no ring)
MPRegen 0.08/turn

%: no passive effects
@: berserking, lethally poisoned (0 -> -10), glowing, very quick
A: no striking features
a: no special abilities


You were on level 2 of the Dungeon.
You visited 1 branch of the dungeon, and saw 2 of its levels.

You collected 14 gold pieces.

Inventory:

Hand Weapons
 a - a +0 hand axe (weapon)
Missiles
 h - 3 poisoned darts
Armour
 d - an orb of light (worn)
 l - a +0 cloak (worn)
 m - a +0 leather armour (worn)
Jewellery
 e - an amulet of regeneration
Scrolls
 g - a scroll of identify {unknown}
 i - a scroll of poison {unknown}
Potions
 c - 2 potions of ambrosia
 j - a potion of mutation {unknown}
 k - a potion of invisibility {unknown}


   Skills:
 + Level 4.4 Fighting
 * Level 5.6 Axes
 - Level 2.4 Dodging


You had 2 spell levels left.
You didn't know any spells.
Your spell library contained the following spells:

 Spells                   Type           Power      Damage    Failure   Level
 Shock                    Conj/Air       0%         1d3       43%         1
 Swiftness                Air            0%         N/A       80%         3
 Airstrike                Air            0%         2d(0-16)  99%         4
 Leda's Liquefaction      Hex/Erth       0%         N/A       99%         4
 Lee's Rapid Deconstruct  Erth           0%         3d4*      100%        5
 Bombard                  Conj/Erth      0%         9d1       100%        6


Dungeon Overview and Level Annotations

Branches:
Dungeon (2/15)

Altars:


Message History

You are too injured to fight recklessly!
Unknown command.
You are too injured to fight recklessly!
Unknown command.
You are too injured to fight recklessly!
Unknown command.
You hit the hobgoblin.
The hobgoblin is severely wounded.
You barely miss the adder. You hit the rat.
You feel sick.
The hobgoblin unwields a +0 sling.
The hobgoblin barely misses you. The rat misses you.
The adder bites you but does no damage.
Unknown command.
You hit the adder.
The adder is almost dead.
You hit the rat but do no damage. You barely miss the hobgoblin.
You feel sick. The adder bites you but does no damage.
The rat barely misses you. The hobgoblin closely misses you.
The adder completely misses you.
You hit the adder but do no damage.
The adder is almost dead.
You hit the rat but do no damage. You hit the hobgoblin.
You kill the hobgoblin!
You feel sick. The rat completely misses you. The adder bites you.
* * * LOW HITPOINT WARNING * * *
You are more poisoned.
The adder poisons you! The adder bites you.
* * * LOW HITPOINT WARNING * * *
You are more poisoned.
The adder poisons you!
You slash the adder!
The adder is severely wounded.
You barely miss the adder. You hit the rat but do no damage.
* * * LOW HITPOINT WARNING * * *
You feel very sick. The rat bites you.
* * * LOW HITPOINT WARNING * * *
The adder completely misses you. x2
It was a potion of berserk rage.
A red film seems to cover your vision as you go berserk!
You feel yourself moving faster!
You feel mighty!
You die...

... #### .....
#...#### .....
+....#........
#....#.#......
#....#........
#....#S#......
#....<@S......
#...##.r...###
+.. .#.....#
#. #. ###..# #
#. .# #. # #.
#.


You could see 2 adders and a rat.

Vanquished Creatures
  4 dart slugs
  4 ball pythons
  A bat (D:1)
  4 endoplasms
  6 hobgoblins
  7 jackals (D:1)
  A kobold (D:1)
  A quokka (D:2)
  A frilled lizard (D:1)
  2 rats (D:1)
31 creatures vanquished.

Vanquished Creatures (others)
  An adder (D:2)
1 creature vanquished.

Grand Total: 32 creatures vanquished

Notes
Turn   | Place    | Note
-------+----------+-------------------------------------------
     0 | D:1      | Bnni the Hill Orc Monk began the quest for the Orb.
     0 | D:1      | Reached XP level 1. HP: 19/19 MP: 1/1
   126 | D:1      | Reached XP level 2. HP: 25/27 MP: 2/2
   549 | D:1      | Reached skill level 5 in Axes
   604 | D:1      | Reached XP level 3. HP: 31/33 MP: 3/3
   940 | D:2      | Succumbed to an adder's poison

Illustrated notes

Levels and vault maps discovered:
D:1:      dpeg_arrival_simpleton_a, layout_loops_ring, grunt_decor_resistance,
          minmay_misc_feat_tower
D:2:      layout_basic, shapermc_ecumenical_altar_pompeii, minmay_guardbox

Skill      XL: |  1  2 |
---------------+-------+-----
Fighting       | 4 |  4.4
Axes           | 5 |  5.6
Dodging        | |  2.4

Action                     || total
---------------------------++-------
  Melee: Hand axe          ||    72
    Use: Potion            ||     1
 Armour: Robe              ||    38
         Leather armour    ||    19
  Dodge: Dodged            ||    77

Table legend: (Time is in decaauts)
 A = Elapsed time spent in this place.
 B = Non-inter-level travel time spent in this place.
 C = Inter-level travel time spent in this place.
 D = Time resting spent in this place.
 E = Time spent auto-exploring this place.
 F = Levels seen in this place.
 G = Mean time per level.
                   A        B        C        D        E       F      G
               +--------+--------+--------+--------+--------+-----+--------+
         Total |    944 |    909 |     35 |      0 |    752 |   2 |  472.0 |
       Dungeon |    944 |    909 |     35 |      0 |    752 |   2 |  472.0 |
               +--------+--------+--------+--------+--------+-----+--------+

Top non-repeatable levels by time:
     D:1: 921 daAuts
     D:2: 22 daAuts
